 Dungeon Crawl Stone Soup version 0.18.1-48-g4cf74bf (webtiles) character file.

194 Krovax2 the Digger (level 5, -4/28 HPs)
             Began as a Gargoyle Earth Elementalist on July 22, 2016.
             Slain by a gnoll
             ... wielding a +0 halberd
              (5 damage)
             ... on level 3 of the Dungeon.
             The game lasted 00:24:07 (2943 turns).

Krovax2 the Digger (Gargoyle Earth Elementalist)    Turns: 2943, Time: 00:24:07

Health: -4/28      AC:  6    Str: 12    XL:     5   Next: 73%
Magic:  0/11       EV:  7    Int: 16    God:
Gold:   123        SH:  0    Dex: 10    Spells: 2 memorised, 9 levels left

rFire  . . .     SeeInvis .     b - 87 stones
rCold  . . .     Gourm    +     a - +0 robe
rNeg   + . .     Faith    .     (no shield)
rPois  ∞         Spirit   .     (no helmet)
rElec  +         Dismiss  .     (no cloak)
rCorr  .         Reflect  .     (no gloves)
SustAt .         Harm     .     (no boots)
MR     .....                    t - amulet of the gourmand
Stlth  ++........               (no ring)
                                (no ring)

@: not resistant to hostile enchantments, unstealthy
A: negative energy resistance 1, electricity resistance, unbreathing,
petrification resistance, rot immunity, AC +4
a: no special abilities


You were on level 3 of the Dungeon.
You were very full.

You visited 1 branch of the dungeon, and saw 3 of its levels.

You collected 123 gold pieces.

Inventory:

Hand Weapons
 h - a +0 club
 n - a +0 dagger
 y - a +0 flail
 z - a +0 whip
Missiles
 b - 87 stones (in hand)
 m - 2 tomahawks
 w - 4 silver tomahawks
Armour
 a - a +0 robe (worn)
Jewellery
 t - an amulet of the gourmand (around neck)
Scrolls
 e - 3 scrolls of fog {unknown}
 f - a scroll of enchant armour {unknown}
 j - a scroll of amnesia {unknown}
 k - a scroll of teleportation {unknown}
 q - 4 scrolls of identify {unknown}
Potions
 g - a potion of degeneration {unknown}
 i - 3 potions of lignification {unknown}
 l - 3 potions of flight {unknown}
 r - a potion of cure mutation {unknown}
 s - a potion of mutation {unknown}
 u - a potion of curing {unknown}
 v - a potion of magic {unknown}
Books
 c - a book of Geomancy

   Spells                             Type                      Level
   a - Sandblast                      Earth                        1
   b - Passwall                       Transmutation/Earth          2
   c - Stone Arrow                    Conjuration/Earth            3
   d - Petrify                        Transmutation/Earth          4
   e - Lee's Rapid Deconstruction     Earth                        5
Miscellaneous
 o - a plain deck of summoning
Comestibles
 d - 2 bread rations
 p - 4 fruits
 x - a chunk of flesh


   Skills:
 - Level 1.5 Dodging
 - Level 2.1 Stealth
 * Level 4.5 Spellcasting
 + Level 0.7 Conjurations
   Level 0.7 Transmutations
 + Level 5.0 Earth Magic


You had 9 spell levels left.
You knew the following spells:

 Your Spells              Type           Power        Failure   Level  Hunger
a - Sandblast             Erth           ###...       1%          1    None
b - Stone Arrow           Conj/Erth      ##....       17%         3    ###....


Dungeon Overview and Level Annotations

Branches:
Dungeon (3/15)

Altars:
Elyvilon
Makhleb
Nemelex Xobeh
Xom
Yredelemnul

Annotations:
D:1 exclusion: 2 downstairs
D:2 exclusion: 2 downstairs
D:3 Grinder


Innate Abilities, Weirdness & Mutations

You are resistant to torment.
Your stone body is resilient (AC +4).
You are immune to poison.
You resist negative energy.
You are resistant to electric shocks.
You can survive without breathing.
You are immune to petrification.
You are immune to rotting.


Message History

Aiming: Sandblast
Press: ? - help, Shift-Dir - straight line, f/p - gnoll
Aim: a gnoll, wielding a halberd (heavily wounded)
The rocky blast misses the gnoll.
The gnoll hits you from afar with a halberd!
Casting: Sandblast
Confirm with . or Enter, or press ? or * to list all spells.
Aiming: Sandblast
Press: ? - help, Shift-Dir - straight line, f/p - gnoll
Aim: a gnoll, wielding a halberd (heavily wounded)
The rocky blast hits the gnoll.
The gnoll is severely wounded.
The gnoll hits you from afar with a halberd.
Casting: Sandblast
Confirm with . or Enter, or press ? or * to list all spells.
You don't have enough magic to cast that spell.
The gnoll hits you from afar with a halberd!
* * * LOW HITPOINT WARNING * * *
The gnoll hits you from afar with a halberd.
You die...

.# .# # ##
#. ##...
..## ..#.
.#.# #..
..!
##.#.#.#.#.
#..@...)...
##)#.#.#.#.
... .g.
#.#. .#.#
#... .....
# #. .# #.#
.. .. ...
## ## ..


You could see a gnoll.

Vanquished Creatures
  7 adders (D:2)
  7 gnolls
  3 worms (D:2)
  A dart slug (D:1)
  4 giant cockroaches
  2 hobgoblins (D:2)
  9 jackals
  A quokka (D:2)
  5 bats
  4 giant newts
  7 goblins
  3 kobolds
  7 rats
  A spectral orc (D:2)
61 creatures vanquished.

Notes
Turn   | Place    | Note
--------------------------------------------------------------
     0 | D:1      | Krovax2 the Gargoyle Earth Elementalist began the quest for the Orb.
     0 | D:1      | Reached XP level 1. HP: 10/10 MP: 3/3
   357 | D:1      | Reached XP level 2. HP: 15/15 MP: 0/5
   619 | D:1      | Found a sparkling altar of Nemelex Xobeh.
   625 | D:1      | Reached skill level 4 in Earth Magic
   949 | D:2      | Reached XP level 3. HP: 17/19 MP: 3/7
  1481 | D:2      | Reached XP level 4. HP: 24/24 MP: 5/9
  2274 | D:2      | Found a burning altar of Makhleb.
  2276 | D:2      | Found a shimmering altar of Xom.
  2323 | D:2      | Found a basalt altar of Yredelemnul.
  2369 | D:2      | Reached XP level 5. HP: 22/28 MP: 5/11
  2420 | D:2      | Learned a level 3 spell: Stone Arrow
  2515 | D:2      | Found a white marble altar of Elyvilon.
  2688 | D:3      | Reached skill level 5 in Earth Magic
  2823 | D:3      | Noticed Grinder
  2942 | D:3      | HP: 1/28 [gnoll/halberd (10)]
  2943 | D:3      | Slain by a gnoll

Skill      XL: |  1  2  3  4  5 |
---------------+----------------+-----
Earth Magic    | 4 5 |  5.0
Spellcasting   | 3 4 |  4.5
Dodging        | |  1.5
Stealth        | |  2.1
Conjurations   | |  0.7
Transmutations | |  0.7

Action                   |  1- 3 |  4- 6 || total
-------------------------+-------+-------++-------
Melee: Club              |    20 |       ||    20
       Dagger            |    31 |    30 ||    61
       Whip              |       |    21 ||    21
 Cast: Sandblast         |    40 |    43 ||    83
       Stone Arrow       |       |     6 ||     6
 Stab: Sleeping          |     2 |     1 ||     3
  Eat: Chunk             |     8 |    10 ||    18
Armor: Robe              |    34 |    68 ||   102
Dodge: Dodged            |    65 |    91 ||   156
